 Dungeon Crawl Stone Soup version 0.19.5 (webtiles) character file.

4911 Gargoyl the Covered (level 10, -5/84 HPs)
             Began as a Ghoul Abyssal Knight on May 6, 2017.
             Was an Elder of Lugonu.
             Killed from afar by a gargoyle (11 damage)
             ... with a stone arrow
             ... on level 10 of the Dungeon.
             The game lasted 00:22:00 (8565 turns).

Gargoyl the Covered (Ghoul Abyssal Knight)          Turns: 8565, Time: 00:22:02

Health: -5/84      AC: 22    Str: 18    XL:     10   Next: 51%
Magic:  23/23      EV:  6    Int:  7    God:    Lugonu [****..]
Gold:   528        SH:  0    Dex: 16    Spells: 0 memorised, 9 levels left

rFire  + . .     SeeInvis .     b - +12 great mace of the Thoughtful Dances {crush, Dex+6}
rCold  . . .     Gourm    .     d - +3 plate armour
rNeg   + + +     Faith    .     (shield currently unavailable)
rPois  ∞         Spirit   .     r - +0 helmet
rElec  .         Reflect  .     (no cloak)
rCorr  .         Harm     .     I - +2 pair of gloves
MR     .....                    j - +0 pair of boots
Stlth  ..........               (no amulet)
                                n - ring of fire
                                q - ring of magical power

@: rotting
A: rotting body, claws 1, carnivore 3, cold resistance 1, negative energy
resistance 3, slow regeneration 1, torment resistance, unbreathing
a: Depart the Abyss, Bend Space, Banish, Corrupt, Renounce Religion


You were on level 10 of the Dungeon.
You worshipped Lugonu.
Lugonu was greatly pleased with you.
You were not hungry.

You visited 1 branch of the dungeon, and saw 11 of its levels.
You visited the Abyss 1 time.
You also visited: Ossuary.

You collected 528 gold pieces.

Inventory:

Hand Weapons
 a - a +1 hand axe
 b - the +12 great mace of the Thoughtful Dances (weapon) {crush, Dex+6}
   (You found it on level 4 of the Dungeon)

   It inflicts extra damage upon your enemies.
   It affects your dexterity (+6).
Missiles
 y - 11 tomahawks (quivered)
Armour
 d - a +3 plate armour (worn)
 g - a +2 buckler
 j - a +0 pair of boots (worn)
 r - a +0 helmet (worn)
 I - a +2 pair of gloves (worn)
Jewellery
 n - a ring of fire (right hand)
 q - a ring of magical power (left hand)
 u - an uncursed ring of ice
Wands
 v - a wand of polymorph (18/24)
 w - a wand of random effects (22/48)
 x - a wand of random effects (18/48)
 H - a wand of iceblast (15/15)
Scrolls
 e - a scroll of amnesia
 f - 2 scrolls of remove curse
 i - a scroll of fear
 p - 2 scrolls of magic mapping
 E - a scroll of identify
Potions
 h - 3 potions of resistance
 k - a potion of curing
 s - a potion of ambrosia
 B - a potion of flight
 C - a potion of agility
 F - a potion of brilliance
Comestibles
 c - 5 meat rations
 l - 4 beef jerkies


   Skills:
 + Level 6.5 Fighting
 + Level 4.9(6.6) Axes
 + Level 6.9(7.7) Maces & Flails
 * Level 7.4 Armour
 + Level 1.1 Dodging
 - Level 3.3 Shields
 * Level 7.3 Invocations


You had 9 spell levels left.
You didn't know any spells.

Dungeon Overview and Level Annotations

Branches:
Dungeon (11/15)            Temple (0/1) D:4
   Lair: D:8-11         Orc: D:9-12

Altars:
Ashenzari
Cheibriados
Gozag
Kikubaaqudgha
Sif Muna
Uskayaw
Vehumet
Yredelemnul
The Shining One

Annotations:
D:3 tschems's ghost, amateur HuFi
D:10 Snorg
Abyss:1 Nergalle


Innate Abilities, Weirdness & Mutations

Your body is rotting away.
You thrive on raw meat.
You are immune to poison.
You have sharp fingernails.
You are carnivorous and can eat meat at any time.
Your flesh is cold resistant. (rC+)
You are immune to negative energy. (rN+++)
You regenerate slowly when monsters are visible.
You are immune to unholy pain and torment.
You can survive without breathing.


Message History

The gargoyle hurls a stone arrow at you.
The stone arrow hits you!
Your plate armour prevents you from hitting the gargoyle.
The gargoyle hits you but does no damage.
You hit the gargoyle.
The gargoyle is lightly damaged.
The gargoyle hurls a stone arrow at you.
The stone arrow hits you!
* * * LOW HITPOINT WARNING * * *
You hit the gargoyle.
The gargoyle is heavily damaged.
The gargoyle hits you but does no damage.
You sock the gargoyle!
The gargoyle is almost destroyed.
The gargoyle hurls a stone arrow at you.
The stone arrow hits you!
* * * LOW HITPOINT WARNING * * *
The gargoyle hurls a stone arrow at you.
The stone arrow hits you!
You die...

......###......###....
.......#........# ...
....#..#..#.[#..# =.#
....#######..#### .⌠.#
>...#..#..#..#.:# #.}.#
.......#........# ......
......###....).###......
..>........###.)....##
............#...@9...#
#####....#..#..#..#..#
##...#######..# ##
.....# #..# ........
.... .......... .....
......#.... ###...
......###.. ...)


You could see a gargoyle.

Vanquished Creatures
  A centaur warrior (D:10)
  3 trolls
  A hippogriff (D:7)
  3 yaks (D:10)
  A hungry ghost (D:10)
  A water moccasin (D:6)
  3 ice beasts
  An orc warrior (D:10)
  A necrophage (D:6)
  An eye of draining (D:10)
  2 ogres
  A centaur (D:5)
  3 bullfrogs
  A water moccasin zombie (Ossuary)
  3 killer bees (D:8)
  A howler monkey (D:4)
  3 crimson imps
  A centaur zombie (D:7)
  3 jellies
  2 hounds
  4 orc priests
  A centaur skeleton (D:4)
  A bullfrog skeleton (D:7)
  5 iguanas
  Terence (D:2)
  5 orc wizards
  6 worker ants
  A big kobold zombie (Ossuary)
  2 hound skeletons
  2 mummies (Ossuary)
  A worker ant zombie (D:5)
  A howler monkey skeleton (D:5)
  10 adders
  2 shadow imps (D:5)
  2 oozes
  9 adder zombies
  9 worms
  3 dart slugs
  3 leopard geckos
  29 orcs
  3 ball pythons
  9 giant cockroaches
  5 goblins
  8 hobgoblins
  3 jackals (D:3)
  7 kobolds
  2 quokkas
  A ball python skeleton (D:4)
  10 bats
  9 frilled lizards
  2 gnoll zombies (Ossuary)
  8 hobgoblin zombies (Ossuary)
  5 kobold zombies (Ossuary)
  2 orc zombies (Ossuary)
  2 quokka zombies
  12 rats
221 creatures vanquished.

Notes
Turn   | Place    | Note
-------+----------+-------------------------------------------
     0 | Abyss:1  | Gargoyl the Ghoul Abyssal Knight began the quest for the Orb.
     0 | Abyss:1  | Reached XP level 1. HP: 19/19 MP: 1/1
     0 | Abyss:1  | Found a corrupted altar of Lugonu.
     4 | Abyss:2  | Found a corrupted altar of Lugonu.
     6 | Abyss:2  | Noticed a kobold demonologist
    10 | Abyss:2  | Noticed a chaos spawn
    33 | D:1      | Escaped the Abyss
    76 | D:1      | Reached * piety under Lugonu
   184 | D:1      | Reached XP level 2. HP: 26/26 MP: 2/2
   603 | D:1      | Reached XP level 3. HP: 29/33 MP: 3/3
   949 | D:2      | Reached ** piety under Lugonu
  1079 | D:2      | Reached XP level 4. HP: 40/40 MP: 4/4
  1349 | D:2      | Found a deep blue altar of Sif Muna.
  1378 | D:2      | Noticed Terence
  1400 | D:2      | Killed Terence
  1419 | D:2      | Reached skill level 1 in Shields
  2003 | D:3      | Reached XP level 5. HP: 31/45 MP: 5/5
  2289 | D:3      | Reached skill level 1 in Dodging
  2313 | D:3      | Noticed tschems's ghost (amateur HuFi)
  2356 | D:4      | Found an opulent altar of Gozag.
  2681 | D:5      | Entered Level 5 of the Dungeon
  3021 | D:3      | Found a snail-covered altar of Cheibriados.
  3086 | D:3      | Reached XP level 6. HP: 52/52 MP: 7/7
  3196 | D:4      | Found a shattered altar of Ashenzari.
  3197 | D:4      | Got a smoking great mace
  3211 | D:4      | Identified the +12 great mace of the Thoughtful Dances {crush, Dex+6} (You found it on level 4 of the Dungeon)
  3317 | D:4      | Reached *** piety under Lugonu
  3607 | D:4      | Found a staircase to the Ecumenical Temple.
  3939 | D:5      | Found a hide-covered altar of Uskayaw.
  3949 | D:5      | Reached XP level 7. HP: 56/60 MP: 8/8
  4109 | D:5      | Reached skill level 1 in Maces & Flails
  4197 | D:5      | Found a basalt altar of Yredelemnul.
  5080 | D:6      | Found a radiant altar of Vehumet.
  5388 | D:6      | Reached XP level 8. HP: 65/67 MP: 10/10
  5466 | D:7      | Found a sand-covered staircase.
  5498 | D:7      | Noticed a troll
  5507 | D:6      | Killed a troll
  5678 | Ossuary  | Entered an ossuary
  5728 | Ossuary  | Reached skill level 5 in Armour
  5760 | Ossuary  | Reached **** piety under Lugonu
  6125 | D:7      | Reached skill level 5 in Fighting
  6370 | D:7      | Reached skill level 5 in Maces & Flails
  6417 | D:7      | Reached XP level 9. HP: 74/74 MP: 11/11
  6573 | D:7      | Reached skill level 5 in Invocations
  6962 | D:8      | Found a glowing golden altar of the Shining One.
  7639 | D:9      | Identified a scroll of acquirement
  7735 | D:9      | Noticed a troll
  7741 | D:9      | Killed a troll
  7755 | D:9      | Found an ancient bone altar of Kikubaaqudgha.
  7756 | D:9      | Found a basalt altar of Yredelemnul.
  8027 | D:10     | Entered Level 10 of the Dungeon
  8027 | D:10     | Noticed Snorg
  8054 | D:10     | Reached ***** piety under Lugonu
  8150 | D:11     | Noticed Nergalle
  8152 | D:11     | Banished Nergalle
  8152 | D:11     | Reached XP level 10. HP: 20/83 MP: 8/13
  8163 | D:11     | HP: 3/83 [ice beast (13)]
  8543 | D:10     | Noticed a centaur warrior
  8547 | D:10     | Killed a centaur warrior
  8555 | D:10     | Noticed a gargoyle
  8565 | D:10     | Killed from afar by a gargoyle

Skill      XL: |  1  2  3  4  5  6  7  8  9 10 |
---------------+-------------------------------+-----
Axes           | 2 3 4 |  4.9
Armour         | 2 3 4 5 6 7 |  7.4
Fighting       | 4 5 6 |  6.5
Shields        | 1 2 3 |  3.3
Dodging        | 1 |  1.1
Invocations    | 3 4 6 7 |  7.3
Maces & Flails | 3 5 6 |  6.9

Action                   |  1- 3 |  4- 6 |  7- 9 | 10-12 || total
-------------------------+-------+-------+-------+-------++-------
Melee: Hand axe          |   164 |   284 |    66 |    37 ||   551
       Great mace        |       |    20 |   212 |    34 ||   266
Throw: Tomahawk          |       |       |     2 |       ||     2
Invok: Depart the Abyss  |     1 |       |       |       ||     1
       Banish            |       |       |     1 |     1 ||     2
  Use: Scroll            |     3 |     6 |    19 |       ||    28
       Potion            |       |     1 |     3 |     3 ||     7
 Stab: Invisible         |       |       |       |     5 ||     5
  Eat: Chunk             |    13 |    20 |    26 |       ||    59
Armor: Plate armour      |   163 |   216 |   291 |    59 ||   729
Dodge: Dodged            |    31 |    53 |    83 |    33 ||   200
Block: Buckler           |    18 |    85 |       |       ||   103
